 Dungeon Crawl Stone Soup version 0.28.0-53-g5a82cb258f (webtiles) character file.

Game seed: 10445506388633743449

46 Stomo the Skirmisher (level 3, -1/33 HPs)
             Began as a Draconian Monk on July 13, 2022.
             Killed from afar by Sigmund (6 damage)
             ... with a puff of flame
             ... on level 2 of the Dungeon.
             The game lasted 00:01:02 (1348 turns).

Stomo the Skirmisher (Draconian Monk)               Turns: 1348, Time: 00:01:03

Health: -1/33      AC:  5    Str: 15    XL:     3   Next: 46%
Magic:  3/3        EV: 17    Int: 10    God:
Gold:   44         SH:  0    Dex: 13    Spells: 2/2 levels left

rFire   . . .      SeeInvis .   a - +0 mace
rCold   . . .      Faith    .   (no shield)
rNeg    . . .      Spirit   .   (armour unavailable)
rPois   .          Reflect  .   (helmet restricted)
rElec   .          Harm     .   (no cloak)
rCorr   .          Rampage  .   (no gloves)
Will    .....                   (no boots)
Stlth   +.........              (no amulet)
HPRegen 0.11/turn               b - +4 ring of evasion
MPRegen 0.08/turn               (no ring)

@: confused
A: AC +5, unfitting armour, cold-blooded
a: no special abilities


You were on level 2 of the Dungeon.
You visited 1 branch of the dungeon, and saw 2 of its levels.

You collected 44 gold pieces.

Inventory:

Hand Weapons
 a - a +0 mace (weapon)
Jewellery
 b - a +4 ring of evasion (left hand)
 h - an amulet of guardian spirit
Scrolls
 c - 2 scrolls of holy word {unknown}
 d - 2 scrolls of identify {unknown}
 e - a scroll of silence {unknown}
 g - a scroll of teleportation {unknown}
Potions
 f - a potion of invisibility {unknown}


   Skills:
 + Level 3.9 Fighting
 + Level 3.5 Maces & Flails
 + Level 3.2 Dodging
 - Level 1.8 Stealth


You had 2 spell levels left.
You didn't know any spells.
Your spell library contained the following spells:

 Spells                   Type           Power      Damage    Failure   Level
 Fulminant Prism          Conj/Hex       0%         3d6       98%         4
 Iskenderun's Mystic Bla  Conj/Tloc      0%         2d3       98%         4
 Lee's Rapid Deconstruct  Erth           0%         3d5*      100%        5


Dungeon Overview and Level Annotations

Branches:
Dungeon (2/15)

Altars:

Annotations:
D:2 Sigmund


Innate Abilities, Weirdness & Mutations

Your plain brown scales are hard. (AC +5)
You cannot fit into any form of body armour.
You are cold-blooded and may be slowed by cold attacks.


Message History

You thump Sigmund! You tail-slap Sigmund.
Sigmund is heavily wounded.
A bat comes into view.
Sigmund hits you with a +0 scythe!
The bat moves out of view.
You hit Sigmund.
Sigmund is severely wounded.
Sigmund completely misses you.
You hit Sigmund but do no damage.
Sigmund is severely wounded.
Sigmund is nearby!
You closely miss Sigmund.
Your tail-slap misses Sigmund.
Sigmund is severely wounded.
Sigmund barely misses you.
You hit Sigmund.
Sigmund is severely wounded.
Sigmund closely misses you.
You closely miss Sigmund.
Your tail-slap misses Sigmund.
Sigmund is severely wounded.
Sigmund points at you and mumbles some strange words.
The puff of flame hits you!
You barely miss Sigmund.
Sigmund is severely wounded.
Sigmund hits you with a +0 scythe!
* * * LOW HITPOINT WARNING * * *
You sock Sigmund!
Sigmund is almost dead.
Sigmund hits you with a +0 scythe.
* * * LOW HITPOINT WARNING * * *
You hit Sigmund but do no damage.
Sigmund is almost dead.
Sigmund completely misses you.
Unknown command.
You barely miss Sigmund.
Sigmund is almost dead.
Sigmund points at you and mumbles some strange words.
You are confused.
You bump into the rock wall.
Sigmund points at you and mumbles some strange words.
The puff of flame hits you.
You die...

## #. #.
#. ###.
..b #
#.#@## #
#.#.#(@#.#
#.#.#..#.#
#........#
#......###
#......#
#......#
#.....##
####...#
###.#


You could see Sigmund and a bat.

Vanquished Creatures
  A gnoll (D:1)
  5 ball pythons (D:1)
  6 endoplasms
  A giant cockroach (D:1)
  3 goblins (D:1)
  4 hobgoblins (D:1)
  3 jackals (D:1)
  3 quokkas
  2 frilled lizards (D:1)
  2 kobolds (D:1)
  A rat (D:1)
31 creatures vanquished.

Notes
Turn   | Place    | Note
-------+----------+-------------------------------------------
     0 | D:1      | Stomo the Draconian Monk began the quest for the Orb.
     0 | D:1      | Reached XP level 1. HP: 19/19 MP: 1/1
   334 | D:1      | Reached XP level 2. HP: 9/26 MP: 2/2
   896 | D:1      | Reached XP level 3. HP: 25/33 MP: 3/3
  1098 | D:1      | Found a faded altar of an unknown god.
  1330 | D:2      | Noticed Sigmund
  1348 | D:2      | Killed from afar by Sigmund

Illustrated notes

Levels and vault maps discovered:
D:1:      giann_horns, layout_rooms, dreamdust_ecumenical_altar_statues
D:2:      layout_basic, uniq_sigmund, uniq_terence

Skill      XL: |  1  2 |
---------------+-------+-----
Dodging        | 3 |  3.2
Fighting       | |  3.9
Maces & Flails | |  3.5
Stealth        | |  1.8

Action                   || total
-------------------------++-------
Melee: Mace              ||    93
       Tailslap          ||     9
       Punch             ||     1
 Stab: Sleeping          ||     6
Armor: Skin              ||    17
Dodge: Dodged            ||    82
